 Dungeon Crawl Stone Soup version 0.21.0-25-ge575cb9 (webtiles) character file.

20151 DogShitOnMyToe the Martial Artist (level 12, -9/96 HPs)
             Began as a Demonspawn Monk on Jan 25, 2018.
             Was a High Priest of Cheibriados.
             Killed from afar by a lindwurm (36 damage)
             ... with a blast of flame
             ... on level 2 of the Lair of Beasts.
             The game lasted 00:35:02 (17256 turns).

DogShitOnMyToe the Martial Artist (DsMo)           Turns: 17256, Time: 00:35:03

Health: -9/96      AC: 16    Str: 26    XL:     12   Next: 42%
Magic:  20/20      EV: 19    Int: 29    God:    Cheibriados [*****.]
Gold:   964        SH:  0    Dex: 39    Spells: 6/11 levels left

rFire    . . .     SeeInvis .     - Unarmed
rCold    . . .     Gourm    .   (no shield)
rNeg     . . .     Faith    .   F - +0 leather armour
rPois    +         Spirit   .   w - +2 helmet
rElec    .         Reflect  .   a - +2 cloak {rPois}
rCorr    .         Harm     .   (no gloves)
MR       .....                  C - +0 pair of boots
Stlth    ++........             (no amulet)
HPRegen  0.26/turn              o - +6 ring of dexterity
MPRegen  0.17/turn              N - +3 ring of intelligence

@: agile, sanguine armour, very slow
A: claws 2, foul stench 1, powered by pain 2, rot immunity, sanguine armour 1
a: Bend Time, Temporal Distortion, Slouch, Step From Time, Renounce Religion


You were on level 2 of the Lair of Beasts.
You worshipped Cheibriados.
Cheibriados was extremely pleased with you.
You were not hungry.

You visited 3 branches of the dungeon, and saw 14 of its levels.

You collected 1003 gold pieces.
You spent 39 gold pieces at shops.

Inventory:

Missiles
 f - 486 stones
 l - 12 tomahawks (quivered)
 p - a throwing net
 y - 4 curare-tipped needles
Armour
 a - a +2 cloak of poison resistance (worn)
 u - a +0 buckler
 w - a +2 helmet (worn)
 C - a +0 pair of boots (worn)
 F - a +0 leather armour (worn)
 G - a +0 shield
 J - a +0 scale mail of cold resistance
Jewellery
 o - a +6 ring of dexterity (left claw)
 B - an uncursed ring of ice
 N - a +3 ring of intelligence (right claw)
Wands
 q - a wand of iceblast (12)
 x - a wand of clouds (6)
 z - a wand of paralysis (12)
 H - a wand of scattershot (4)
 K - a wand of acid (14)
 L - a wand of enslavement (14)
Scrolls
 e - 3 scrolls of amnesia
 h - 3 scrolls of remove curse
 i - 6 scrolls of teleportation
 j - 4 scrolls of enchant weapon
Potions
 c - a potion of invisibility
 d - 3 potions of mutation
 g - 3 potions of magic
 n - 4 potions of lignification
 t - 7 potions of brilliance
 v - 5 potions of heal wounds
 A - 3 potions of might
 E - 7 potions of curing
 I - 4 potions of agility
Books
 m - a book of Frost

   Spells                             Type                      Level
   a - Freeze                         Ice                          1
   b - Throw Frost                    Conjuration/Ice              2
   c - Ozocubu's Armour               Charms/Ice                   3
   d - Throw Icicle                   Conjuration/Ice              4
   e - Summon Ice Beast               Ice/Summoning                4
 D - a book of Misfortune

   Spells                             Type                      Level
   a - Confusing Touch                Hexes                        1
   b - Confuse                        Hexes                        3
   c - Gell's Gravitas                Translocation                3
   d - Petrify                        Transmutation/Earth          4
   e - Metabolic Englaciation         Hexes/Ice                    5
   f - Yara's Violent Unravelling     Hexes/Transmutation          5
Comestibles
 b - 31 rations


   Skills:
 - Level 9.4 Fighting
 - Level 2.6 Dodging
 - Level 1.7 Stealth
 - Level 13.1 Unarmed Combat
 - Level 3.0 Hexes
 - Level 8.0 Summonings
 + Level 1.1 Ice Magic
 - Level 11.0 Invocations


You had 6 spell levels left.
You knew the following spells:

 Your Spells              Type           Power        Failure   Level  Hunger
a - Confusing Touch       Hex            ###...       3%          1    ##.....
b - Summon Ice Beast      Ice/Summ       ####....     19%         4    #####..


Dungeon Overview and Level Annotations

Branches:
Dungeon (11/15)            Temple (1/1) D:4            Lair (2/6) D:11
    Orc (0/2) D:9
  Swamp: Lair:2-4    Shoals: Lair:2-4     Snake: Lair:2-4    Spider: Lair:2-4

Altars:
Ashenzari
Cheibriados
Dithmenos
Elyvilon
Fedhas
Gozag
Hepliaklqana
Kikubaaqudgha
Makhleb
Nemelex Xobeh
Okawaru
Qazlal
Ru
Sif Muna
Trog
Uskayaw
Vehumet
Wu Jian
Xom
Yredelemnul
Zin
The Shining One
Beogh

Shops:
D:4 !

Annotations:
D:7 exclusion: electric eel


Innate Abilities, Weirdness & Mutations

You have very sharp fingernails.
You may emit foul miasma when damaged in melee.
You sometimes gain power by taking damage.
You are immune to rotting.
When seriously injured, your bleeding wounds create armour. (AC +6)


Message History

Unknown command.
The catoblepas moves out of view.
The lindwurm is engulfed in a cloud of scalding steam.
The lindwurm bites you.
* * * LOW HITPOINT WARNING * * *
The lindwurm claws you.
* * * LOW HITPOINT WARNING * * *
The lindwurm claws you but does no damage.
The catoblepas breathes a plume of calcifying dust at you.
The blast of calcifying dust hits the lindwurm.
The blast of calcifying dust hits you!
* * * LOW HITPOINT WARNING * * *
Unknown command.
Unknown command.
Unknown command.
Unknown command.
The lindwurm is engulfed in a cloud of scalding steam.
The lindwurm breathes flames at you. The blast of flame hits you!
You die...

#≈≈≈≈≈#≈≈≈≈♣
♣♣♣P
#≈≈≈≈##♣≈≈≈♣
♣... #.#≈≈#
♣≈≈P♣♣ ♣♣♣...
###≈≈# ♣≈≈≈≈♣
♣..... ##≈≈≈#
♣≈≈≈≈♣♣♣.....
#≈≈≈##
#≈≈≈♣♣♣......
#§≈##
♣♣≈P♣♣♣....≈≈
#≈§.#
♣≈≈P♣♣P.≈≈≈≈≈
#§§@##
#≈≈≈≈♣≈≈≈≈≈≈≈
##≈§≈#
♣♣≈≈≈♣≈≈≈≈≈≈≈
##k§#
#♣≈≈♣♣≈≈≈≈≈≈≈
##Y#
#≈≈≈♣♣≈≈≈≈≈≈≈
#k≈≈≈#
♣≈≈≈≈≈≈≈≈.≈≈≈
#≈≈≈##
♣≈≈≈≈≈≈≈≈..≈≈
#≈##
♣≈≈≈≈≈≈≈.....
#≈
♣PP≈≈≈≈......
#
♣..≈≈≈.......


You could see a catoblepas and a lindwurm.

Vanquished Creatures
  3 hydras (Lair:2)
  A two-headed ogre (D:10)
  2 unseen horrors
  The ghost of gregunderscorem the Ducker, a novice OpFi of Wu Jian (D:6)
  A black mamba (Lair:2)
  2 cyclopes
  A centaur zombie (D:10)
  A gargoyle (D:11)
  2 rime drakes (Lair:2)
  3 komodo dragons
  A queen bee (Lair:2)
  A troll (D:11)
  A hornet (D:11)
  Prince Ribbit (D:7)
  A blink frog (Lair:2)
  A shadow (D:11)
  2 hippogriffs
  A basilisk (Lair:2)
  19 yaks
  A wyvern (D:10)
  Grum (D:8)
  A water moccasin (Lair:2)
  Duvessa (D:7)
  4 porcupines
  4 ice beasts
  2 sky beasts
  A hornet zombie (D:10)
  A phantom (D:8)
  10 orc warriors
  7 ogres
  3 wolves
  6 crocodiles
  9 bullfrogs
  Dowan (D:7)
  A water moccasin skeleton (D:10)
  A wyvern skeleton (D:11)
  7 scorpions
  24 killer bees (Lair:2)
  10 wights
  2 electric eels (Lair:2)
  A howler monkey (D:8)
  5 crimson imps
  2 quasits
  3 centaur skeletons
  3 jellies
  Crazy Yiuf (D:6)
  10 orc priests
  A bullfrog skeleton (D:4)
  6 hounds
  11 orc wizards
  Ijyb (D:4)
  10 worker ants
  5 iguanas
  A hound skeleton (D:9)
  A hound zombie (D:7)
  A howler monkey skeleton (D:7)
  4 gnolls
  14 adders
  2 shadow imps
  2 oozes
  An adder zombie (D:7)
  An adder skeleton (D:8)
  5 worms
  4 dart slugs
  5 leopard geckos
  53 orcs
  5 giant cockroaches
  4 goblins
  8 hobgoblins
  14 jackals
  3 quokkas
  3 ball pythons (D:2)
  7 bats
  6 frilled lizards
  3 kobolds
  A leopard gecko skeleton (D:7)
  A quokka skeleton (D:4)
  11 rats
  A plant (D:1)
362 creatures vanquished.

Vanquished Creatures (others)
  2 fungi (Lair:2)
  9 toadstools (Lair:2)
11 creatures vanquished.

Grand Total: 373 creatures vanquished

Notes
Turn   | Place    | Note
-------+----------+-------------------------------------------
     0 | D:1      | DogShitOnMyToe the Demonspawn Monk began the quest for the Orb.
     0 | D:1      | Reached XP level 1. HP: 18/18 MP: 1/1
     6 | D:1      | Noticed an iguana
     6 | D:1      | Noticed a black mamba
     6 | D:1      | Noticed a swamp worm
     7 | D:1      | Noticed a five-headed hydra
     7 | D:1      | Noticed a wolf
   101 | D:1      | Reached skill level 3 in Unarmed Combat
   128 | D:1      | Gained mutation: When seriously injured, your bleeding wounds create armour. (AC +6) [demonic ancestry]
   128 | D:1      | Reached XP level 2. HP: 15/24 MP: 2/2
   708 | D:2      | HP: 7/24 [worm (7)]
   710 | D:2      | HP: 1/24 [worm (6)]
  1222 | D:2      | HP: 12/24 [worm (7)]
  1226 | D:2      | Gained mutation: You have sharp fingernails. [demonic ancestry]
  1226 | D:2      | Reached XP level 3. HP: 15/29 MP: 3/3
  1230 | D:2      | HP: 14/29 [frilled lizard (2)]
  1355 | D:2      | Reached skill level 4 in Unarmed Combat
  1555 | D:2      | Found a basalt altar of Yredelemnul.
  2515 | D:2      | Reached XP level 4. HP: 35/35 MP: 4/4
  2598 | D:3      | HP: 16/35 [orc priest/divine providence (9)]
  2884 | D:3      | Reached skill level 5 in Unarmed Combat
  3229 | D:3      | HP: 13/35 [gnoll/halberd (15)]
  3237 | D:3      | Reached XP level 5. HP: 17/41 MP: 5/5
  3837 | D:3      | Reached skill level 6 in Unarmed Combat
  4068 | D:4      | Noticed an ogre
  4118 | D:4      | Noticed Ijyb
  4139 | D:4      | Killed Ijyb
  4139 | D:4      | Gained mutation: You have very sharp fingernails. [demonic ancestry]
  4139 | D:4      | Reached XP level 6. HP: 44/47 MP: 6/6
  4359 | D:4      | HP: 21/47 [orc priest/nerve-wracking pain (12)]
  4368 | D:4      | HP: 18/47 [orc/dagger (1)]
  4652 | D:4      | Reached skill level 7 in Unarmed Combat
  4886 | D:4      | Gained mutation: You sometimes gain a little power by taking damage. [demonic ancestry]
  4886 | D:4      | Reached XP level 7. HP: 52/52 MP: 7/7
  4892 | D:4      | Found Siotupsait's Distillery.
  4900 | D:4      | Bought a potion of lignification for 39 gold pieces
  4992 | D:4      | Found a staircase to the Ecumenical Temple.
  5001 | Temple   | Entered the Ecumenical Temple
  5252 | Temple   | Became a worshipper of Cheibriados the Contemplative
  5252 | Temple   | Reached * piety under Cheibriados
  5252 | Temple   | Reached ** piety under Cheibriados
  5300 | D:5      | Entered Level 5 of the Dungeon
  5315 | D:4      | Reached skill level 1 in Invocations
  5441 | D:5      | Reached skill level 2 in Invocations
  5444 | D:5      | HP: 24/52 [acid (9)]
  5530 | D:5      | Reached skill level 3 in Invocations
  5631 | D:5      | Reached skill level 4 in Invocations
  5944 | D:5      | Reached skill level 5 in Invocations
  5979 | D:5      | Found a deep blue altar of Sif Muna.
  5987 | D:5      | HP: 23/52 [worker ant (5)]
  6358 | D:6      | Noticed gregunderscorem's ghost (novice OpFi)
  6358 | D:6      | gregunderscorem's ghost turns its malevolent gaze towards you.
  6371 | D:6      | gregunderscorem's ghost turns its malevolent gaze towards you.
  6676 | D:6      | Killed gregunderscorem's ghost
  6676 | D:6      | Reached skill level 4 in Fighting
  6676 | D:6      | Reached skill level 8 in Unarmed Combat
  6676 | D:6      | Gained mutation: You sometimes gain power by taking damage. [demonic ancestry]
  6676 | D:6      | Reached XP level 8. HP: 45/61 MP: 7/11
  6952 | D:6      | Reached skill level 9 in Unarmed Combat
  6999 | D:6      | Reached *** piety under Cheibriados
  7151 | D:6      | Found a runed door.
  7300 | D:6      | Reached skill level 5 in Fighting
  7386 | D:6      | Noticed Crazy Yiuf
  7392 | D:6      | Killed Crazy Yiuf
  7850 | D:7      | Found a white marble altar of Elyvilon.
  7945 | D:7      | Reached XP level 9. HP: 68/68 MP: 12/12
  8015 | D:7      | Noticed Prince Ribbit
  8420 | D:7      | Killed Prince Ribbit
  8420 | D:7      | Reached skill level 10 in Unarmed Combat
  8485 | D:7      | Reached skill level 6 in Fighting
  8593 | D:7      | Noticed Duvessa
  8595 | D:7      | Noticed Dowan
  8598 | D:7      | Killed Duvessa
  8607 | D:7      | Killed Dowan
  8991 | D:8      | Reached **** piety under Cheibriados
  9017 | D:8      | Noticed a cyclops
  9023 | D:8      | Killed a cyclops
  9050 | D:8      | Reached skill level 7 in Fighting
  9050 | D:8      | Reached skill level 11 in Unarmed Combat
  9456 | D:8      | Identified a book of Misfortune
  9467 | D:8      | Noticed Grum
  9473 | D:8      | Gained mutation: You are immune to rotting. [demonic ancestry]
  9473 | D:8      | Reached XP level 10. HP: 69/79 MP: 13/13
  9479 | D:8      | Killed Grum
  9479 | D:8      | Reached ***** piety under Cheibriados
 10339 | D:9      | Reached skill level 8 in Fighting
 10340 | D:9      | HP: 40/80 [orc warrior/war axe of chopping (1)]
 10693 | D:9      | Killed an unseen horror
 10693 | D:9      | Reached skill level 12 in Unarmed Combat
 10709 | D:9      | Found a roughly hewn altar of Beogh.
 10709 | D:9      | Found a staircase to the Orcish Mines.
 10737 | D:9      | HP: 37/82 [orc priest/divine providence (13)]
 10764 | D:9      | HP: 37/82 [orc wizard/dagger (3)]
 11076 | D:9      | Reached skill level 6 in Invocations
 11386 | D:10     | Entered Level 10 of the Dungeon
 11397 | D:10     | Reached skill level 7 in Invocations
 11441 | D:10     | Reached skill level 8 in Invocations
 11663 | D:10     | Reached skill level 9 in Invocations
 11681 | D:10     | Gained mutation: You may emit foul miasma when damaged in melee. [demonic ancestry]
 11681 | D:10     | Reached XP level 11. HP: 77/87 MP: 14/18
 12072 | D:10     | Reached skill level 10 in Invocations
 12284 | D:10     | Noticed a two-headed ogre
 12287 | D:10     | HP: 33/87 [two-headed ogre/giant spiked club (19)]
 12289 | D:10     | Killed a two-headed ogre
 12702 | D:10     | HP: 40/87 [ogre/giant club (23)]
 12704 | D:10     | Reached skill level 11 in Invocations
 13094 | D:11     | Reached ****** piety under Cheibriados
 13125 | D:11     | Found a staircase to the Lair.
 13669 | D:11     | Reached skill level 9 in Fighting
 13740 | D:11     | Killed an unseen horror
 13762 | D:11     | Identified a book of Frost
 13792 | D:11     | Reached skill level 13 in Unarmed Combat
 14322 | Lair:1   | Entered Level 1 of the Lair of Beasts
 14390 | D:11     | Learned a level 1 spell: Confusing Touch
 14721 | Lair:1   | Reached skill level 1 in Hexes
 14821 | Lair:1   | Reached skill level 2 in Hexes
 15198 | Lair:1   | Reached skill level 3 in Hexes
 15213 | Lair:1   | Learned a level 4 spell: Summon Ice Beast
 15384 | Lair:2   | Reached skill level 1 in Summonings
 15394 | Lair:2   | Reached skill level 2 in Summonings
 15585 | Lair:2   | Reached skill level 3 in Summonings
 15740 | Lair:2   | Reached skill level 4 in Summonings
 15740 | Lair:2   | Reached XP level 12. HP: 74/96 MP: 20/20
 16045 | Lair:2   | Noticed a four-headed hydra
 16045 | Lair:2   | Noticed an eight-headed hydra
 16045 | Lair:2   | Noticed an eight-headed hydra
 16047 | Lair:2   | HP: 48/96 [eight-headed hydra (12)]
 16049 | Lair:2   | Reached skill level 5 in Summonings
 16049 | Lair:2   | HP: 23/96 [eight-headed hydra (2)]
 16049 | Lair:2   | HP: 8/96 [eight-headed hydra (9)]
 16049 | Lair:2   | HP: 1/96 [eight-headed hydra (5)]
 16050 | Lair:2   | Killed an eight-headed hydra
 16315 | Lair:2   | Killed a four-headed hydra
 16315 | Lair:2   | Reached skill level 6 in Summonings
 16508 | Lair:2   | Found a runed door.
 16577 | Lair:2   | Killed an eight-headed hydra
 16646 | Lair:2   | Reached skill level 7 in Summonings
 16662 | Lair:2   | HP: 44/96 [killer bee (7)]
 16668 | Lair:2   | HP: 41/96 [poisoned by a killer bee]
 16673 | Lair:2   | HP: 40/96 [poisoned by a killer bee]
 16679 | Lair:2   | HP: 40/96 [poisoned by a killer bee]
 16688 | Lair:2   | HP: 40/96 [poisoned by a killer bee]
 16694 | Lair:2   | HP: 41/96 [poisoned by a killer bee]
 16700 | Lair:2   | HP: 41/96 [poisoned by a killer bee]
 16706 | Lair:2   | HP: 42/96 [poisoned by a killer bee]
 17051 | Lair:2   | Reached skill level 8 in Summonings
 17251 | Lair:2   | Reached skill level 1 in Ice Magic
 17254 | Lair:2   | Noticed a catoblepas
 17254 | Lair:2   | HP: 35/96 [lindwurm/blast of flame (19)]
 17256 | Lair:2   | Killed from afar by a lindwurm

Skill      XL: |  1  2  3  4  5  6  7  8  9 10 11 12 |
---------------+-------------------------------------+-----
Unarmed Combat | 3 4 5 6 7 8 9 11 12 13 | 13.1
Invocations    | 5 9 11 | 11.0
Fighting       | 4 5 7 8 9 |  9.4
Hexes          | 3 |  3.0
Summonings     | 4 8 |  8.0
Ice Magic      | 1 |  1.1
Dodging        | |  2.6
Stealth        | |  1.7

Action                   |  1- 3 |  4- 6 |  7- 9 | 10-12 || total
-------------------------+-------+-------+-------+-------++-------
Melee: Unarmed           |   196 |   184 |   309 |   448 ||  1137
       Punch             |     2 |     1 |    18 |    59 ||    80
Throw: Stone             |     2 |       |     5 |       ||     7
       Tomahawk          |       |       |     9 |     1 ||    10
 Cast: Confusing Touch   |       |       |       |    20 ||    20
       Summon Ice Beast  |       |       |       |     4 ||     4
Invok: Bend Time         |       |       |     1 |     5 ||     6
       Slouch            |       |       |       |     7 ||     7
       Step From Time    |       |       |       |     1 ||     1
Evoke: Wand              |       |     4 |       |     2 ||     6
  Use: Scroll            |       |       |    11 |    13 ||    24
       Potion            |       |       |       |     1 ||     1
 Stab: Sleeping          |     3 |     2 |     1 |     3 ||     9
       Confused          |       |       |       |    20 ||    20
       Distracted        |       |       |       |     1 ||     1
  Eat: Chunk             |     5 |     8 |     4 |    12 ||    29
       Ration            |       |       |     1 |     2 ||     3
Armor: Leather armour    |    25 |    29 |    12 |    44 ||   110
       Scale mail        |       |       |   102 |   104 ||   206
Dodge: Dodged            |    79 |    90 |   158 |   268 ||   595
